 Dungeon Crawl Stone Soup version 0.29-a0-352-g0917bc69df (webtiles) character file.

Game seed: 5980579427799748774

30 Grim the Ruffian (level 3, 0/31 HPs)
             Began as a Naga Transmuter on Apr 24, 2022.
             Slain by a goblin
             ... wielding a +0 club
             ... led by Robin
              (3 damage)
             ... on level 1 of the Dungeon.
             The game lasted 00:02:29 (1733 turns).

Grim the Ruffian (Naga Transmuter)                  Turns: 1733, Time: 00:02:29

Health: 0/31       AC:  3    Str: 12    XL:     3   Next: 18%
Magic:  6/6        EV:  9    Int: 15    God:
Gold:   42         SH:  5    Dex: 11    Spells: 5/6 levels left

rFire   . . .      SeeInvis +     - Unarmed
rCold   . . .      Faith    .   (no shield)
rNeg    . . .      Spirit   .   a - +0 robe
rPois   +          Reflect  +   (no helmet)
rElec   .          Harm     .   g - +0 cloak
rCorr   .          Rampage  .   (no gloves)
Will    .....                   (no barding)
Stlth   +.........              c - amulet of reflection
HPRegen 0.10/turn               (no ring)
MPRegen 0.10/turn               (no ring)

@: very slow
A: AC +1, large, see invisible, deformed body, poison resistance, slowness 2,
spit poison 1, naga tail 1
a: Spit Poison


You were on level 1 of the Dungeon.
You visited 1 branch of the dungeon, and saw 2 of its levels.

You collected 42 gold pieces.

Inventory:

Armour
 a - a +0 robe (worn)
 g - a +0 cloak (worn)
Jewellery
 c - an amulet of reflection (around neck)
Wands
 k - a wand of acid (6)
Scrolls
 e - a scroll of torment {unknown}
 f - a scroll of fog {unknown}
 h - a scroll of teleportation {unknown}
 i - a scroll of enchant weapon {unknown}
 m - a scroll of magic mapping {unknown}
 n - a scroll of identify {unknown}
Potions
 b - a potion of lignification
 d - a potion of curing
 j - a potion of degeneration {unknown}
 l - a potion of flight {unknown}


   Skills:
 - Level 1.0 Fighting
 - Level 1.5 Dodging
 + Level 3.4 Unarmed Combat
 - Level 2.0 Spellcasting
 * Level 3.1 Transmutations


You had 5 spell levels left.
You knew the following spells:

 Your Spells              Type           Power      Damage    Failure   Level
a - Beastly Appendage     Tmut           20%        N/A       6%          1

Your spell library contained the following spells:

 Spells                   Type           Power      Damage    Failure   Level
 Wereblood                Tmut           10%        N/A       10%         2
 Spider Form              Tmut/Pois      6%         N/A       34%         3
 Ice Form                 Ice/Tmut       6%         N/A       75%         4


Dungeon Overview and Level Annotations

Branches:
Dungeon (2/15)

Altars:

Annotations:
D:2 Robin


Innate Abilities, Weirdness & Mutations

Your serpentine skin is tough. (AC +1)
You have supernaturally acute eyesight. (SInv)
Armour fits poorly on your strangely shaped body.
Your system is resistant to poisons. (rPois)
You cover ground very slowly.
You can spit poison.
You have a snake-like lower body.


Message History

The goblin hits you but does no damage. The goblin attacks as you move away!
The goblin closely misses you. The goblin hits you with a +0 club.
The goblin hits you with a +0 club. The goblin attacks as you move away!
The goblin hits you but does no damage.
The goblin no longer looks unusually strong. x2
The goblin attacks as you move away! You block the goblin's attack.
The goblin hits you with a +0 dagger. The goblin closely misses you.
The goblin attacks as you move away! The goblin hits you but does no damage.
The goblin attacks as you move away! The goblin hits you with a +0 club.
The hobgoblin no longer looks unusually strong.
You block the goblin's attack. The goblin hits you but does no damage.
The goblin attacks as you move away! The goblin hits you with a +0 dagger.
The goblin attacks as you move away! The goblin hits you with a +0 club.
The goblin hits you but does no damage. The goblin barely misses you.
The goblin attacks as you move away! The goblin hits you with a +0 dagger.
* * * LOW HITPOINT WARNING * * *
The goblin attacks as you move away! The goblin hits you with a +0 dagger.
* * * LOW HITPOINT WARNING * * *
Robin roars a battlecry!
The goblins go into a battle-frenzy!
The goblin hits you with a +0 dagger.
* * * LOW HITPOINT WARNING * * *
There is a stone staircase leading up here.
The goblin hits you with a +0 dagger.
* * * LOW HITPOINT WARNING * * *
You block the goblin's attack.
You climb upwards.
There is a stone staircase leading down here.
The goblin attacks as you move away! The goblin hits you with a +0 dagger.
* * * LOW HITPOINT WARNING * * *
The goblin attacks as you move away! The goblin hits you with a +0 club.
* * * LOW HITPOINT WARNING * * *
The goblin hits you with a +0 club.
* * * LOW HITPOINT WARNING * * *
The goblin attacks as you move away! The goblin barely misses you.
The goblin attacks as you move away! The goblin barely misses you.
The goblin hits you with a +0 club.
You die...

##.## #.####.##..#.........#.####
#...###.......#.....#####..#.....
.....#............#.# #..######
............>....>..# #........
.#.###.#.###..##.#### #.#######
.#.# #.#.##......# #.# ##### .#.#
#.#.##...##g# #.# #....
.#.###...##...##g# #.# #.###
.#....)......###@# #.# #.#
.#######.##..###.# #.# #.# .#
#.........# ##.# #.### .#
#.##.###.## #..# #.... .# #.##.#
#.# #.## #.... .# #.##.# #.# #.#
#.... .### #.##.# #.# #.# ##...
...# #.##.# #.# #.# #...
##.#####.##.###.# #.# ###.


You could see 2 goblins.

Vanquished Creatures
  An adder (D:2)
  2 bats (D:1)
  2 endoplasms (D:2)
  A giant cockroach (D:1)
  2 goblins (D:1)
  2 hobgoblins (D:1)
  3 jackals (D:1)
  2 frilled lizards (D:1)
  A kobold (D:1)
  5 rats
21 creatures vanquished.

Notes
Turn   | Place    | Note
-------+----------+-------------------------------------------
     0 | D:1      | Grim the Naga Transmuter began the quest for the Orb.
     0 | D:1      | Reached XP level 1. HP: 18/18 MP: 3/3
   202 | D:1      | Reached XP level 2. HP: 18/25 MP: 3/5
   674 | D:1      | You fall into a shaft and drop 1 floor!
  1254 | D:1      | Found a faded altar of an unknown god.
  1466 | D:2      | HP: 1/25 [adder (2)]
  1469 | D:2      | Reached XP level 3. HP: 12/31 MP: 6/6
  1701 | D:2      | Noticed Robin
  1733 | D:1      | Slain by a goblin

Illustrated notes

Levels and vault maps discovered:
D:1:      lemuel_arrival_river_bridge, layout_loops_ring,
          shapermc_ecumenical_altar_petra
D:2:      layout_basic, uniq_robin

Skill      XL: |  1  2 |
---------------+-------+-----
Transmutations | 3 |  3.1
Fighting       | |  1.0
Dodging        | |  1.5
Unarmed Combat | |  3.4
Spellcasting   | |  2.0

Action                   || total
-------------------------++-------
Melee: Unarmed           ||    73
       Headbutt          ||    11
       Punch             ||     2
 Cast: Beastly Appendage ||    15
 Abil: Spit Poison       ||     1
  Use: Potion            ||     1
Armor: Robe              ||    13
Dodge: Dodged            ||    41
Block: Other             ||    12

Table legend: (Time is in decaauts)
 A = Elapsed time spent in this place.
 B = Non-inter-level travel time spent in this place.
 C = Inter-level travel time spent in this place.
 D = Time resting spent in this place.
 E = Time spent auto-exploring this place.
 F = Levels seen in this place.
 G = Mean time per level.
                   A        B        C        D        E       F      G
               +--------+--------+--------+--------+--------+-----+--------+
         Total |   2069 |   2059 |     10 |    475 |   1325 |   2 | 1034.5 |
       Dungeon |   2069 |   2059 |     10 |    475 |   1325 |   2 | 1034.5 |
               +--------+--------+--------+--------+--------+-----+--------+

Top non-repeatable levels by time:
     D:1: 1660 daAuts
     D:2: 408 daAuts
